 Dungeon Crawl Stone Soup version 0.29-a0-1027-gcd8c55af63 (webtiles) character file.

Game seed: 4435383763300388706

303 wingedge the Gusty (level 6, -1/37 HPs)
             Began as a Tengu Air Elementalist on Aug 13, 2022.
             Was an Initiate of Ru.
             Slain by Grinder (6 damage)
             ... while paralysed by Grinder
             ... in a sewer.
             The game lasted 00:10:45 (3727 turns).

wingedge the Gusty (Tengu Air Elementalist)         Turns: 3727, Time: 00:10:46

Health: -1/37      AC:  7    Str:  8    XL:     6   Next: 38%
Magic:  1/11       EV:  2    Int: 17    God:    Ru [......]
Gold:   131        SH:  0    Dex: 15    Spells: 1/11 levels left

rFire   . . .      SeeInvis .   i - +1 dagger (speed)
rCold   . . .      Faith    .   (no shield)
rNeg    . . .      Spirit   .   u - +3 leather armour
rPois   .          Reflect  .   g - +1 hat
rElec   .          Harm     .   (no cloak)
rCorr   .          Rampage  .   (no gloves)
Will    .....                   (boots unavailable)
Stlth   ++........              (no amulet)
HPRegen 0.12/turn               s - +4 ring of slaying
MPRegen 0.12/turn               (no ring)

@: paralysed, flying quickly and evasively, quick
A: beak, talons 3, nimble flight
a: Renounce Religion


You were in a sewer.
You worshipped Ru.
Ru was noncommittal.
You visited 1 branch of the dungeon, and saw 4 of its levels.
You also visited: Sewer.

You collected 131 gold pieces.

Inventory:

Hand Weapons
 c - a +0 short sword
 d - a +0 dagger
 i - a +1 dagger of speed (weapon)
Missiles
 e - 4 silver boomerangs
 n - 5 boomerangs
Armour
 a - a +0 robe
 g - a +1 hat (worn)
 u - a +3 leather armour (worn)
Jewellery
 s - a +4 ring of slaying (left hand)
Scrolls
 h - a scroll of amnesia
 o - a scroll of immolation
 q - a scroll of blinking
 r - 2 scrolls of fog
 t - a scroll of poison
 x - a scroll of vulnerability {unknown}
Potions
 b - a potion of magic
 f - a potion of mutation {unknown}
 k - 2 potions of might {unknown}
 l - a potion of invisibility {unknown}
 m - 3 potions of heal wounds
 p - 3 potions of curing
 w - 2 potions of resistance {unknown}


   Skills:
 - Level 3.0 Fighting
 - Level 2.1 Dodging
 - Level 2.0 Stealth
 - Level 3.0 Spellcasting
 - Level 3.0 Conjurations
 + Level 6.8 Air Magic


You had one spell level left.
You knew the following spells:

 Your Spells              Type           Power      Damage    Failure   Level
a - Shock                 Conj/Air       76%        1d7       3%          1
b - Static Discharge      Conj/Air       19%        3-6/arc   4%          2
c - Swiftness             Air            25%        N/A       4%          3
d - Airstrike             Air            12%        2d(2-18)  16%         4

Your spell library contained the following spells:

 Spells                   Type           Power      Damage    Failure   Level
 Foxfire                  Conj/Fire      28%        2x1d5     14%         1
 Conjure Flame            Conj/Fire      7%         6-21      38%         3
 Inner Flame              Hex/Fire       2%         N/A       58%         3
 Flame Wave               Conj/Fire      7%         2d5       80%         4


Dungeon Overview and Level Annotations

Branches:
Dungeon (4/15)             Temple (0/1) D:4           Sewer (1/1)

Altars:
Ru

Annotations:
Sewer Grinder


Innate Abilities, Weirdness & Mutations

You have a beak for a mouth.
You have claws for feet.
Your magical nature lets you fly swiftly and evasively.


Message History

Grinder gestures at you.
You barely resist. The ufetubus misses you. The ufetubus closely misses you.
The kobold brigand completely misses you.
Grinder barely misses you.
The shadow imp sputters.
The shadow imp hits you.
* * * LOW HITPOINT WARNING * * *
The ufetubus closely misses you. x2
Things that are here:
a +0 hand axe; a +0 robe You feel much better.
The ufetubus hits you but does no damage.
The ufetubus barely misses you.
The kobold brigand hits you with a +0 short sword.
The shadow imp hits you.
A kobold comes into view.
It is wielding a +0 hand axe and quivering poisoned darts.
Grinder gestures at you.
You suddenly lose the ability to move!
The ufetubus hits you but does no damage.
The ufetubus completely misses you.
The kobold brigand hits you with a +0 short sword.
Grinder gestures at you. Pain shoots through your body!
The shadow imp hits you but does no damage.
The ufetubus hits you but does no damage.
The ufetubus completely misses you.
The ufetubus hits you but does no damage. x2
The kobold brigand hits you but does no damage.
The shadow imp hits you but does no damage.
Grinder gestures at you.
You shrug off the repeated paralysis!
The ufetubus hits you. x2
* * * LOW HITPOINT WARNING * * *
The kobold brigand hits you with a +0 short sword.
* * * LOW HITPOINT WARNING * * *
Grinder hits you.
* * * LOW HITPOINT WARNING * * *
You writhe in agony.
You die...

#≈≈≈≈≈≈#...#≈≈≈≈≈≈#
#≈≈≈≈≈≈#...≈≈≈≈≈≈≈#
#≈≈≈≈≈~#)..#~≈~≈≈≈#
#≈~≈≈....≈...≈≈≈~≈#
#≈~.~..#≈≈≈#..~≈.~#
#.....)#≈≈~#......#
#+#######≈#######+#
.....#..5#.....
≈~~~..5@K.~~~≈~
~≈≈≈~#.5.#~~~≈~
#######)####### ..)
.⌠. ..... ⌠K_.⌠
.......


You could see Grinder, a kobold brigand, a shadow imp, an ufetubus and a kobold
(wandering).

Vanquished Creatures
  A wight (Sewer)
  A hound (D:4)
  An iguana (D:4)
  6 adders
  3 river rats (D:4)
  2 shadow imps (Sewer)
  3 ufetubi (Sewer)
  An adder zombie (Sewer)
  A dart slug (D:1)
  6 endoplasms
  A giant cockroach (Sewer)
  10 goblins
  3 hobgoblins
  7 jackals
  20 kobolds
  A quokka (D:2)
  7 ball pythons
  4 bats
  3 frilled lizards
  6 rats
87 creatures vanquished.

Notes
Turn   | Place    | Note
-------+----------+-------------------------------------------
     0 | D:1      | wingedge the Tengu Air Elementalist began the quest for the
                  | Orb.
     0 | D:1      | Reached XP level 1. HP: 10/10 MP: 4/4
   312 | D:1      | Reached skill level 1 in Fighting
   312 | D:1      | Reached XP level 2. HP: 16/16 MP: 3/6
   631 | D:1      | Learned a level 2 spell: Static Discharge
   846 | D:1      | Reached XP level 3. HP: 21/21 MP: 4/7
  1438 | D:2      | Found a faded altar of an unknown god.
  1601 | D:2      | Reached skill level 5 in Air Magic
  1601 | D:2      | Reached XP level 4. HP: 25/26 MP: 3/8
  2796 | D:3      | Found a sacrificial altar of Ru.
  2803 | D:3      | Became a worshipper of Ru the Awakened
  3114 | D:3      | Reached skill level 6 in Air Magic
  3286 | D:4      | Gained mutation: Your magical nature lets you fly swiftly
                  | and evasively. [Tengu growth]
  3286 | D:4      | Reached XP level 5. HP: 30/30 MP: 7/9
  3363 | D:4      | Found a glowing drain.
  3478 | Sewer    | Entered a sewer
  3496 | Sewer    | Learned a level 3 spell: Swiftness
  3501 | Sewer    | Learned a level 4 spell: Airstrike
  3698 | Sewer    | Reached XP level 6. HP: 37/37 MP: 5/11
  3699 | Sewer    | Found an ancient bone altar of Kikubaaqudgha.
  3705 | Sewer    | Noticed Grinder
  3724 | Sewer    | Paralysed by Grinder for 4 turns
  3727 | Sewer    | Slain by Grinder

Illustrated notes

Levels and vault maps discovered:
D:1:      lightli_arrival_lavapool, layout_loops_ring, hangedman_decor_slide_cut
D:2:      layout_loops_corners, ebering_ecumenical_altar_hall
D:3:      layout_rooms, nicolae_ru_the_path_less_chosen, serial_curves,
          eino_curves_01, eino_curves_02, bh_walls_and_bars
D:4:      layout_basic, minmay_temple_entry_antechambers, portal_sewer_entry_a,
          grunt_decor_cap
Sewer:    kennysheep_sewer_church

Skill      XL: |  1  2  3  4  5 |
---------------+----------------+-----
Conjurations   | 2 3 |  3.0
Fighting       | 1 2 3 |  3.0
Air Magic      | 5 6 |  6.8
Spellcasting   | 3 |  3.0
Dodging        | |  2.1
Stealth        | |  2.0

Action                   |  1- 3 |  4- 6 || total
-------------------------+-------+-------++-------
Melee: Short sword       |     2 |       ||     2
       Dagger            |       |    50 ||    50
       Peck              |       |     5 ||     5
       Kick              |       |    13 ||    13
 Cast: Shock             |    58 |    75 ||   133
       Static Discharge  |     2 |     9 ||    11
  Use: Scroll            |       |     9 ||     9
       Potion            |       |     1 ||     1
 Stab: Sleeping          |       |     2 ||     2
Armor: Robe              |     1 |       ||     1
       Leather armour    |       |    15 ||    15
Dodge: Dodged            |     7 |    44 ||    51

Table legend: (Time is in decaauts)
 A = Elapsed time spent in this place.
 B = Non-inter-level travel time spent in this place.
 C = Inter-level travel time spent in this place.
 D = Time resting spent in this place.
 E = Time spent auto-exploring this place.
 F = Levels seen in this place.
 G = Mean time per level.
                   A        B        C        D        E       F      G
               +--------+--------+--------+--------+--------+-----+--------+
         Total |   3695 |   3581 |    114 |    762 |   2270 |   5 |  739.0 |
       Dungeon |   3461 |   3347 |    114 |    696 |   2211 |   4 |  865.2 |
         Sewer |    233 |    233 |      0 |     66 |     59 |   1 |  233.0 |
               +--------+--------+--------+--------+--------+-----+--------+

Top non-repeatable levels by time:
     D:2: 1500 daAuts
     D:1: 1019 daAuts
     D:3: 760 daAuts
   Sewer: 233 daAuts
     D:4: 181 daAuts
